 Dungeon Crawl Stone Soup version 0.24.1-8-ga250c9d538 (webtiles) character file.

Game seed: 17903618789359695183, levelgen mode: deterministic

59 Descartes the Magician (level 3, -1/19 HPs)
             Began as a Deep Elf Air Elementalist on Apr 28, 2020.
             Slain by a bullfrog (8 damage)
             ... on level 1 of the Dungeon.
             The game lasted 00:05:48 (1658 turns).

Descartes the Magician (Deep Elf Air Elementalist)  Turns: 1658, Time: 00:05:48

Health: -1/19      AC:  2    Str:  5    XL:     3   Next: 78%
Magic:  1/10       EV: 12    Int: 20    God:
Gold:   55         SH:  0    Dex: 15    Spells: 8/9 levels left

rFire    . . .     SeeInvis .   e - +0 dagger
rCold    . . .     Gourm    .   (no shield)
rNeg     . . .     Faith    .   a - +0 robe
rPois    .         Spirit   .   (no helmet)
rElec    .         Reflect  .   (no cloak)
rCorr    .         Harm     .   (no gloves)
MR       +....                  (no boots)
Stlth    ++........             (no amulet)
HPRegen  0.06/turn              g - ring of protection from magic
MPRegen  0.12/turn              (no ring)

@: heavily drained
A: no striking features
a: no special abilities


You were on level 1 of the Dungeon.
You were not hungry.

You visited 1 branch of the dungeon, and saw 2 of its levels.

You collected 55 gold pieces.

Inventory:

Hand Weapons
 e - a +0 dagger (weapon)
Missiles
 o - 29 stones (quivered)
Armour
 a - a +0 robe (worn)
 j - a +0 shield
Jewellery
 g - a ring of protection from magic (left hand)
 m - an uncursed amulet of the gourmand {unknown}
Scrolls
 d - 4 scrolls of identify
 f - 5 scrolls of remove curse {unknown}
 i - a scroll of enchant weapon {unknown}
 k - a scroll of blinking {unknown}
 n - a scroll of random uselessness {unknown}
 p - a scroll of amnesia {unknown}
Potions
 h - a potion of mutation
 l - a potion of might {unknown}
 q - a potion of curing {unknown}
Comestibles
 c - 4 rations


   Skills:
 - Level 2.6(1.4) Dodging
 + Level 3.1(1.9) Stealth
 * Level 1.2(0.0) Shields
 + Level 3.6(2.3) Spellcasting
 + Level 1.9(0.7) Conjurations
 + Level 3.3(2.0) Air Magic


You had 8 spell levels left.
You knew the following spells:

 Your Spells              Type           Power        Failure   Level  Hunger
a - Shock                 Conj/Air       #...         9%          1    #......

Your spell library contained the following spells:

 Spells                   Type           Power        Failure   Level  Hunger
 Swiftness                Chrm/Air       #.......     16%         2    ##.....
 Static Discharge         Conj/Air       #.......     26%         3    ###....
 Airstrike                Air            ##........   54%         4    #####..
 Lightning Bolt           Conj/Air       #.........   93%         5    ######.


Dungeon Overview and Level Annotations

Branches:
Dungeon (2/15)

Altars:


Message History

Casting: Shock (safe; 9% risk of failure)
Confirm with . or Enter, or press ? or * to list all spells.
Aiming: Shock (safe; 9% risk of failure)
Press: ? - help, Shift-Dir - straight line, f/p - bullfrog
Aim: a bullfrog (lightly wounded)
The zap hits the bullfrog.
The bullfrog is moderately wounded.
The bullfrog hits you. The bullfrog closely misses you. The bullfrog hits you.
There is a stone staircase leading up here.
The bullfrog barely misses you. The bullfrog hits you.
You climb upwards.
There is a stone staircase leading down here.
You aren't carrying any items that you can evoke.
As you read the scroll labeled UQIC ZIUCAOCK, it crumbles to dust.
It is a scroll of identify.
h - a potion of mutation The bullfrog hits you!
You die...

....####...##.#.###
................##
#..##............#
##.##............###
##'##..............#
#8.8##.........##..#
.....##........##..##
.....8##.......##...###########
.......##..>...F@.............#
.......8#.####.#####..........#
........+..# #................#
.......8##.##########.(.......#
.......###........# #.......).#
.....8## #.†....".# #.........#
.....#####÷.......# #.........#
#8.8##............# #.........#
##'##..####.......# ###########


You could see a bullfrog.

Vanquished Creatures
  A gnoll (D:1)
  6 bats
  A giant cockroach (D:1)
  5 goblins
  12 hobgoblins
  5 kobolds
  2 frilled lizards (D:1)
  17 rats
49 creatures vanquished.

Notes
Turn   | Place    | Note
-------+----------+-------------------------------------------
     0 | D:1      | Descartes the Deep Elf Air Elementalist began the quest for
                  | the Orb.
     0 | D:1      | Reached XP level 1. HP: 10/10 MP: 6/6
    63 | D:1      | Reached XP level 2. HP: 11/15 MP: 1/8
   605 | D:1      | Reached XP level 3. HP: 19/19 MP: 2/9
  1190 | D:1      | Reached skill level 1 in Shields
  1238 | D:2      | Noticed a bullfrog
  1658 | D:1      | Slain by a bullfrog

Levels and vault maps discovered:
D:1:      erik_arrival_orb_chamber, layout_rooms, dk_noncrumbling_4,
          serial_bayou_pond_b
D:2:      layout_rooms

Skill      XL: |  1  2  3 |
---------------+----------+-----
Stealth        | 3 |  3.1
Shields        | 1 |  1.2
Dodging        | |  2.6
Spellcasting   | |  3.6
Conjurations   | |  1.9
Air Magic      | |  3.3

Action                   || total
-------------------------++-------
Melee: Dagger            ||     5
 Cast: Shock             ||   113
  Use: Scroll            ||     1
  Eat: Chunk             ||     3
Armor: Robe              ||     8
Dodge: Dodged            ||    33
